 Dungeon Crawl Stone Soup version 0.19.1 (webtiles) character file.

44 Mefis the Magician (level 3, -2/19 HPs)
             Began as a Deep Elf Wizard on Dec 15, 2016.
             Slain by an adder (3 damage)
             ... on level 2 of the Dungeon.
             The game lasted 00:03:15 (900 turns).

Mefis the Magician (Deep Elf Wizard)                 Turns: 900, Time: 00:03:16

Health: -2/19      AC:  2    Str:  4    XL:     3   Next: 41%
Magic:  1/11       EV: 13    Int: 23    God:
Gold:   11         SH:  0    Dex: 13    Spells: 5 memorised, 2 levels left

rFire  . . .     SeeInvis .     h - +0 dagger
rCold  . . .     Gourm    .     a - +0 robe
rNeg   . . .     Faith    .     (no shield)
rPois  .         Spirit   .     b - +0 hat
rElec  .         Reflect  .     (no cloak)
rCorr  .         Harm     .     (no gloves)
MR     .....                    (no boots)
Stlth  ++........               (no amulet)
                                (no ring)
                                (no ring)

@: lethally poisoned (-2 -> -7), very slightly contaminated, repel missiles
A: no striking features
a: no special abilities


You were on level 2 of the Dungeon.
You were not hungry.

You visited 1 branch of the dungeon, and saw 2 of its levels.

You collected 11 gold pieces.

Inventory:

Hand Weapons
 h - a +0 dagger (weapon)
Armour
 a - a +0 robe (worn)
 b - a +0 hat (worn)
Scrolls
 e - a scroll of magic mapping {unknown}
 f - a scroll of enchant armour {unknown}
 k - a scroll of immolation {unknown}
 l - a scroll of remove curse {unknown}
Potions
 i - a potion of agility {unknown}
 j - 3 potions of haste {unknown}
 m - a potion of curing {unknown}
Books
 c - a book of Minor Magic

   Spells                             Type                      Level
   a - Magic Dart                     Conjuration                  1
   b - Blink                          Translocation                2
   c - Call Imp                       Summoning                    2
   d - Repel Missiles                 Charms/Air                   2
   e - Slow                           Hexes                        2
   f - Conjure Flame                  Conjuration/Fire             3
   g - Mephitic Cloud                 Conjuration/Poison/Air       3
Comestibles
 d - a bread ration
 g - 2 beef jerkies


   Skills:
 + Level 2.8 Dodging
 + Level 2.8 Stealth
 * Level 5.2 Spellcasting
 + Level 2.0 Conjurations
 - Level 1.1 Summonings
 - Level 1.1 Translocations
 + Level 0.4 Air Magic
 + Level 0.2 Poison Magic


You had 2 spell levels left.
You knew the following spells:

 Your Spells              Type           Power        Failure   Level  Hunger
a - Magic Dart            Conj           ###.         4%          1    None
b - Call Imp              Summ           ##......     12%         2    None
c - Blink                 Tloc           N/A          12%         2    None
d - Repel Missiles        Chrm/Air       #.....       14%         2    None
e - Mephitic Cloud        Conj/Pois/Air  ##......     21%         3    ##.....


Dungeon Overview and Level Annotations

Branches:
Dungeon (2/15)

Altars:


Message History

The adder is lightly wounded.
The adder bites you.
You hit the adder.
The adder is moderately wounded.
The adder barely misses you.
You miss the adder.
The adder is moderately wounded.
The adder bites you. The adder barely misses you.
You miss the adder.
The adder is lightly wounded.
The adder bites you.
* * * LOW HITPOINT WARNING * * *
You are lethally poisoned!
The adder poisons you!
You are too injured to fight recklessly!
You hit the adder but do no damage.
The adder is lightly wounded.
* * * LOW HITPOINT WARNING * * *
You feel sick. The adder bites you.
You die...

.# #..# #.#
##. #..##.#
#.. #..#.#
#.g ##...#
#..## ##..###
##.g## ##..##
#.#Kr###..#.#
##S#..#..#.##
#@#.#...#.#.#
#############


You could see an adder, a quokka, a goblin and a kobold.

Vanquished Creatures
  An adder (D:2)
  An ooze (D:1)
  3 giant cockroaches
  7 goblins (D:1)
  4 hobgoblins (D:1)
  3 bats (D:1)
  3 frilled lizards (D:1)
  2 kobolds (D:1)
  5 rats
29 creatures vanquished.

Notes
Turn   | Place    | Note
-------+----------+-------------------------------------------
     0 | D:1      | Mefis the Deep Elf Wizard began the quest for the Orb.
     0 | D:1      | Reached XP level 1. HP: 10/10 MP: 7/7
   154 | D:1      | Reached XP level 2. HP: 15/15 MP: 1/9
   167 | D:1      | Learned a level 2 spell: Call Imp
   170 | D:1      | Learned a level 2 spell: Blink
   173 | D:1      | Learned a level 2 spell: Repel Missiles
   480 | D:1      | Reached skill level 5 in Spellcasting
   682 | D:1      | Reached XP level 3. HP: 19/19 MP: 4/11
   688 | D:1      | Learned a level 3 spell: Mephitic Cloud
   900 | D:2      | Slain by an adder

Skill      XL: |  1  2  3 |
---------------+----------+-----
Spellcasting   | 5 |  5.2
Conjurations   | 2 |  2.0
Dodging        | |  2.8
Stealth        | |  2.8
Summonings     | |  1.1
Translocations | |  1.1
Air Magic      | |  0.4
Poison Magic   | |  0.2

Action                   || total
-------------------------++-------
Melee: Unarmed           ||     6
       Dagger            ||    38
 Cast: Magic Dart        ||    55
       Repel Missiles    ||     1
       Call Imp          ||     2
       Mephitic Cloud    ||     1
Armor: Robe              ||    23
Dodge: Dodged            ||    52
